 Dungeon Crawl Stone Soup version 0.24-a0-516-g9de272bb65 (webtiles) character file.

Game seed: 9360918646034030126

93 vurker the Firebug (level 4, -2/25 HPs)
             Began as a Deep Elf Fire Elementalist on July 21, 2019.
             Slain by a centaur zombie (6 damage)
             ... on level 2 of the Dungeon.
             The game lasted 00:06:07 (2433 turns).

vurker the Firebug (Deep Elf Fire Elementalist)     Turns: 2433, Time: 00:06:08

Health: -2/25      AC:  3    Str:  5    XL:     4   Next: 36%
Magic:  1/11       EV: 13    Int: 21    God:
Gold:   66         SH:  0    Dex: 15    Spells: 0/10 levels left

rFire    . . .     SeeInvis .   f - +0 spear
rCold    . . .     Gourm    .   (no shield)
rNeg     . . .     Faith    .   a - +0 robe
rPois    .         Spirit   .   k - +0 helmet
rElec    .         Reflect  .   (no cloak)
rCorr    .         Harm     .   (no gloves)
MR       .....                  (no boots)
Stlth    ++........             j - amulet of inaccuracy (curse)
HPRegen  0.08/turn              (no ring)
MPRegen  0.12/turn              (no ring)

@: very slightly contaminated
A: no striking features
a: no special abilities


You were on level 2 of the Dungeon.
You were not hungry.

You visited 1 branch of the dungeon, and saw 2 of its levels.

You collected 66 gold pieces.

Inventory:

Hand Weapons
 f - a +0 spear (weapon)
   (You found it on level 1 of the Dungeon)
Armour
 a - a +0 robe (worn)
 k - a +0 helmet (worn)
   (You took it off Robin on level 2 of the Dungeon)
Jewellery
 d - an uncursed amulet of the acrobat
   (You found it on level 1 of the Dungeon)
 j - a cursed amulet of inaccuracy (around neck)
   (You found it on level 1 of the Dungeon)
Scrolls
 g - a scroll of blinking
 m - a scroll of identify {@r1}
Potions
 b - 2 potions of agility
 h - 2 potions of curing {@q1}
 i - a potion of haste {@q3}
 l - a potion of flight {unknown}
Comestibles
 c - 2 chunks of flesh
 e - 4 rations {!d}


   Skills:
 + Level 1.2 Fighting
 - Level 2.4 Dodging
 - Level 2.4 Stealth
 + Level 3.8 Spellcasting
 + Level 2.2 Conjurations
 * Level 4.4 Fire Magic


You couldn't memorise any spells.
You knew the following spells:

 Your Spells              Type           Power        Failure   Level  Hunger
a - Flame Tongue          Conj/Fire      ###..        3%          1    None
b - Throw Flame           Conj/Fire      ###...       4%          2    #......
c - Conjure Flame         Conj/Fire      ###.....     10%         3    ###....
q - Sticky Flame          Conj/Fire      ###.....     30%         4    ####...

Your spell library contained the following spells:

 Spells                   Type           Power        Failure   Level  Hunger
 Inner Flame              Hex/Fire       ##......     14%         3    ###....
 Fireball                 Conj/Fire      ###.......   65%         5    ######.


Dungeon Overview and Level Annotations

Branches:
Dungeon (2/15)

Altars:


Message History

There are monsters nearby!
Aim: a bat The flame tongue hits the bat!
You kill the bat!
You can't see any susceptible monsters within range! (Use Z to cast anyway.)
You can't see any susceptible monsters within range! (Use Z to cast anyway.)
You can't see any susceptible monsters within range! (Use Z to cast anyway.)
Aim: a rat The flame tongue hits the rat.
You kill the rat!
You can't see any susceptible monsters within range! (Use Z to cast anyway.)
You can't see any susceptible monsters within range! (Use Z to cast anyway.) Eating one of 2 chunks of flesh.
You eat one of the 2 chunks of flesh.
You butcher the bat corpse.
c - 2 chunks of flesh (gained 1)
You see here a bat skeleton. x2
The centaur zombie is too close now for your liking.
A centaur zombie is nearby!
You can't see any susceptible monsters within range! (Use Z to cast anyway.)
The centaur zombie is too close now for your liking.
Aim: a centaur zombie The flame tongue hits the centaur zombie.
The centaur zombie hits you. The centaur zombie hits you!
* * * LOW HITPOINT WARNING * * *
Aim: a centaur zombie (lightly damaged)
The flame tongue hits the centaur zombie!
The centaur zombie misses you.
Aim: a centaur zombie (heavily damaged)
The flame tongue hits the centaur zombie.
The centaur zombie barely misses you.
Aim: a centaur zombie (heavily damaged)
The flame tongue hits the centaur zombie.
The centaur zombie hits you.
* * * LOW HITPOINT WARNING * * *
Aim: a centaur zombie (severely damaged)
You miscast Sticky Flame.
You are very lightly contaminated with residual magic.
Sparks fly from your hands! The centaur zombie closely misses you.
The centaur zombie barely misses you.
You don't have enough magic to cast that spell.
Aim: a centaur zombie (severely damaged)
The flame tongue hits the centaur zombie.
The centaur zombie hits you.
* * * LOW HITPOINT WARNING * * *
Okay, then.
Aim: a centaur zombie (severely damaged)
The puff of flame hits the centaur zombie.
The centaur zombie completely misses you.
The centaur zombie hits you.
You die...

#####################
.....................
##.#########.....#.#
#.# #.....#.# #.#
##รท.....# #.#
#....#.#### # #.#
##..@##...####..#
#### #...Z........$.
..#
#.....?#.#.#.#.#.##
####
#.####.........w...#
#.# ..
#.#.#.#.#.#.#.# #.#
## #..........S[.#
#.# #<#..#.#..#####
#.# ###.##.#.## #.#
#.##....


You could see a centaur zombie.

Vanquished Creatures
  Robin (D:2)
  An adder (D:2)
  An ooze (D:1)
  A worm (D:2)
  2 dart slugs (D:2)
  3 giant cockroaches
  15 goblins
  8 hobgoblins
  3 kobolds (D:1)
  10 bats
  2 frilled lizards
  13 rats
60 creatures vanquished.

Notes
Turn   | Place    | Note
-------+----------+-------------------------------------------
     0 | D:1      | vurker the Deep Elf Fire Elementalist began the quest for
                  | the Orb.
     0 | D:1      | Reached XP level 1. HP: 10/10 MP: 6/6
   116 | D:1      | Reached XP level 2. HP: 15/15 MP: 6/8
   120 | D:1      | Learned a level 2 spell: Throw Flame
  1115 | D:2      | Reached skill level 4 in Fire Magic
  1115 | D:2      | Reached XP level 3. HP: 20/20 MP: 4/9
  1176 | D:2      | Learned a level 3 spell: Conjure Flame
  1442 | D:2      | Noticed Robin
  1622 | D:2      | Killed Robin
  1622 | D:2      | Reached skill level 1 in Fighting
  1749 | D:2      | Reached XP level 4. HP: 16/25 MP: 4/11
  1867 | D:2      | Learned a level 4 spell: Sticky Flame
  2433 | D:2      | Slain by a centaur zombie

Levels and vault maps discovered:
D:1:      zelgadis_glass_arrival_small, layout_loops_ring,
          minmay_split_cup_large
D:2:      minmay_alternating_diamond, layout_basic, marbit_many_paths,
          minmay_misc_feat_pillars, minmay_rat_gold_closets, uniq_robin

Skill      XL: |  1  2  3 |
---------------+----------+-----
Fire Magic     | 4 |  4.4
Fighting       | 1 |  1.2
Conjurations   | 2 |  2.2
Dodging        | |  2.4
Stealth        | |  2.4
Spellcasting   | |  3.8

Action                   |  1- 3 |  4- 6 || total
-------------------------+-------+-------++-------
Melee: Spear             |       |     2 ||     2
 Cast: Flame Tongue      |    72 |    38 ||   110
       Throw Flame       |       |     1 ||     1
       Sticky Flame      |       |     1 ||     1
  Use: Scroll            |     4 |     1 ||     5
  Eat: Chunk             |     2 |     3 ||     5
Armor: Robe              |     3 |     3 ||     6
Dodge: Dodged            |    20 |    16 ||    36

Table legend:
 A = Non-vault XP
 B = Vault XP
 C = Vault XP percentage of total XP
 D = Non-vault monster count
 E = Vault monster count
 F = Vault count percentage of total count
                 A         B        C        D         E       F
            +---------+---------+-------+---------+---------+-------
      Total |      78 |      55 |  41.4 |      34 |      26 |  43.3
            +---------+---------+-------+---------+---------+-------
        D:1 |      30 |       5 |  14.3 |      15 |       4 |  21.1
        D:2 |      48 |      50 |  51.0 |      19 |      22 |  53.7
            +---------+---------+-------+---------+---------+-------
